 Dungeon Crawl Stone Soup version 0.30-a0-1085-g990a428a5c (webtiles) character file.

Game seed: 4063723538324656565

1106 NateTC the Trooper (level 8, -3/54 HPs)
             Began as a Gargoyle Fighter on Apr 16, 2023.
             Was an Initiate of Elyvilon.
             Slain by an orc warrior
             ... wielding a +2 mace of protection
              (11 damage)
             ... on level 5 of the Dungeon.
             The game lasted 00:10:01 (5128 turns).

NateTC the Trooper (Gargoyle Fighter)               Turns: 5128, Time: 00:10:01

Health: -3/54      AC: 12    Str: 20    XL:     8   Next: 33%
Magic:  8/8        EV:  9    Int:  9    God:    Elyvilon [......]
Gold:   51         SH: 10    Dex: 11    Spells: 5/7 levels left

rFire   . . .      SeeInvis .    a - +0 flail
rCold   . . .      Faith    .    c - +0 buckler
rNeg    + . .      Spirit   .    b - +0 scale mail
rPois   ∞          Reflect  +    (no helmet)
rElec   +          Rampage  .    (no cloak)
rCorr   .                        (no gloves)
Will    .....                    (no boots) Stlth
                                 o - amulet of reflection
HPRegen 0.29/turn                (no ring)
MPRegen 0.11/turn                (no ring)

@: no status effects
A: sickness immunity, AC +5, negative energy resistance 1, electricity
resistance, torment resistance 1, petrification resistance
a: Renounce Religion


You were on level 5 of the Dungeon.
You worshipped Elyvilon.
Elyvilon was noncommittal.
You visited 2 branches of the dungeon, and saw 7 of its levels.

You collected 276 gold pieces.
You spent 225 gold pieces at shops.

Inventory:

Hand Weapons
 a - a +0 flail (weapon)
Armour
 b - a +0 scale mail (worn)
 c - a +0 buckler (worn)
Jewellery
 e - an amulet of magic regeneration
 l - a ring of magical power
 o - an amulet of reflection (around neck)
Wands
 g - a wand of polymorph (2)
Scrolls
 d - 2 scrolls of fear
 f - 2 scrolls of noise
 i - 2 scrolls of teleportation
 k - a scroll of vulnerability
 m - 3 scrolls of identify
 n - a scroll of amnesia
 r - a scroll of fog {unknown}
 s - a scroll of silence {unknown}
Potions
 h - a potion of lignification
 q - a potion of haste {unknown}
 t - a potion of attraction {unknown}


   Skills:
 * Level 7.7 Fighting
 + Level 5.1 Maces & Flails
 - Level 4.5 Armour
 - Level 4.4 Shields
 - Level 2.0 Hexes
 - Level 2.0 Ice Magic


You had 5 spell levels left.
You knew the following spells:

 Your Spells              Type           Power      Damage    Failure   Level
a - Ensorcelled Hibernat  Hex/Ice        6%         N/A       67%         2

Your spell library contained the following spells:

 Spells                   Type           Power      Damage    Failure   Level
 Lesser Beckoning         Tloc           0%         N/A       91%         2
 Passwall                 Tmut/Erth      0%         N/A       91%         2
 Portal Projectile        Hex/Tloc       2%         N/A       96%         3
 Call Canine Familiar     Summ           0%         N/A       99%         3
 Gell's Gravitas          Tloc           0%         N/A       99%         3
 Swiftness                Air            0%         N/A       99%         3
 Teleport Other           Tloc           0%         N/A       99%         3
 Leda's Liquefaction      Hex/Erth       0%         N/A       100%        4


Dungeon Overview and Level Annotations

Branches:
Dungeon (6/15) Zot: 26068  Temple (1/1) D:4 Zot: 5927

Altars:
Ashenzari
Cheibriados
Elyvilon
Fedhas
Gozag
Hepliaklqana
Kikubaaqudgha
Makhleb
Nemelex Xobeh
Qazlal
Ru
Sif Muna
Trog
Uskayaw
Xom
Yredelemnul
Zin
The Shining One

Shops:
D:1 *   D:5 ?!:(

Annotations:
Temple 2 transporters


Innate Abilities, Weirdness & Mutations

You are immune to sickness and miasma.
Your stone body is resilient. (AC +5)
You are immune to poison.
You resist negative energy. (rN+)
You are resistant to electric shocks. (rElec)
You are resistant to unholy torment.
You are immune to petrification.


Message History

The orc warrior is severely wounded.
The orc warrior hits you with a +2 mace of protection!
You block the orc warrior's attack.
You barely miss the orc warrior.
The orc warrior is severely wounded.
The orc warrior hits you with a +2 mace of protection!
* * * LOW HITPOINT WARNING * * *
You closely miss the orc warrior.
The orc warrior is severely wounded.
The orc warrior hits you with a +2 mace of protection.
* * * LOW HITPOINT WARNING * * *
You feel better.
The orc warrior hits you with a +2 mace of protection.
* * * LOW HITPOINT WARNING * * *
You feel better.
The orc warrior hits you with a +2 mace of protection.
* * * LOW HITPOINT WARNING * * *
You feel better.
The orc warrior hits you with a +2 mace of protection!
* * * LOW HITPOINT WARNING * * *
You feel better.
The orc warrior hits you but does no damage.
You hit the orc warrior.
The orc warrior is severely wounded.
The orc warrior barely misses you.
You closely miss the orc warrior.
The orc warrior is severely wounded.
You block the orc warrior's attack.
You hit the orc warrior but do no damage.
The orc warrior is severely wounded.
You block the orc warrior's attack.
The orc warrior hits you with a +2 mace of protection.
You hit the orc warrior but do no damage.
The orc warrior is severely wounded.
The orc warrior hits you with a +2 mace of protection!
* * * LOW HITPOINT WARNING * * *
You closely miss the orc warrior.
The orc warrior is severely wounded.
The orc warrior hits you with a +2 mace of protection!
You die...

#..#.# ######### ###.##.#
####.......# ##...##.##
...........##
#######..#.##..#
#########...#
###...##...#####.#
........#...###...####...#
#.#
⌠......⌠'...........##.©.#
#.#
.._.._..#...........######
#.##
⌠......⌠#.......@...##.©†#
#..#
#########......o....##...#
##.#
##....###.#......#####.∩.#
#.# #......##.#..##.##
#...# #.#
##....##.....##.# #.©.#
#.# .#8..8#...#..##.#
##### ##.#
............[#..# #.©.#
#... ...###.....#..∩##
#...# #...
...###.#####..## ###...#
#...


You could see an orc warrior.

Vanquished Creatures
  Prince Ribbit (D:6)
  Eustachio (D:4)
  2 ogres
  3 scorpions
  2 hounds (D:5)
  2 jellies
  4 iguanas
  Ijyb (D:5)
  2 orc wizards
  3 gnolls (D:3)
  3 adders
  An ufetubus (D:5)
  2 dart slugs
  5 orcs
  3 endoplasms (D:1)
  5 goblins
  9 hobgoblins
  3 jackals (D:3)
  4 quokkas
  5 ball pythons
  2 bats
  2 frilled lizards (D:3)
  3 kobolds
  3 rats
71 creatures vanquished.

Vanquished Creatures (others)
  A fungus (D:5)
  9 plants (D:5)
10 creatures vanquished.

Grand Total: 81 creatures vanquished

Notes
Turn   | Place    | Note
-------+----------+-------------------------------------------
     0 | D:1      | NateTC the Gargoyle Fighter began the quest for the Orb.
     0 | D:1      | Reached XP level 1. HP: 14/14 MP: 1/1
   160 | D:1      | Reached XP level 2. HP: 5/19 MP: 2/2
   394 | D:1      | Found Saetuk's General Store.
   958 | D:2      | Reached XP level 3. HP: 22/23 MP: 3/3
  1779 | D:3      | Reached XP level 4. HP: 29/29 MP: 4/4
  1903 | D:3      | Found a glowing golden altar of the Shining One.
  1926 | D:3      | Identified the +0 robe of Negation {rPois rF- Str+4}
  2005 | D:3      | Reached skill level 4 in Fighting
  2005 | D:3      | Reached XP level 5. HP: 28/33 MP: 5/5
  2175 | D:3      | Found an opulent altar of Gozag.
  2178 | D:3      | Found a hazy altar of Hepliaklqana.
  2290 | D:4      | Noticed an ogre
  2297 | D:4      | Killed an ogre
  2405 | D:4      | Reached XP level 6. HP: 39/39 MP: 6/6
  2783 | D:4      | Learned a level 2 spell: Ensorcelled Hibernation
  2790 | D:4      | Reached skill level 5 in Fighting
  2930 | D:4      | Noticed Eustachio
  2976 | D:4      | Killed Eustachio
  2977 | D:4      | Reached skill level 1 in Hexes
  2977 | D:4      | Reached skill level 1 in Ice Magic
  2977 | D:4      | Reached XP level 7. HP: 32/45 MP: 7/7
  3293 | D:4      | Found a staircase to the Ecumenical Temple.
  3341 | D:4      | Found a blossoming altar of Fedhas.
  3436 | D:5      | Entered Level 5 of the Dungeon
  3441 | D:5      | Found Gouxyurch's Book Emporium.
  3457 | D:5      | Found Loycuk's Distillery.
  3458 | D:5      | Noticed Ijyb
  3482 | D:5      | Killed Ijyb
  3517 | D:5      | Bought a potion of curing for 39 gold pieces
  3517 | D:5      | Bought a potion of curing for 39 gold pieces
  3543 | D:5      | Found a broken altar of Ashenzari.
  3543 | D:5      | Found a burning altar of Makhleb.
  3636 | D:5      | Found a sacrificial altar of Ru.
  3694 | D:5      | Reached skill level 6 in Fighting
  3816 | D:5      | Found a transporter.
  3818 | D:5      | Found Cusy's Weapon Emporium.
  3958 | D:5      | Found Looxuas's Magic Scroll Shop.
  3961 | D:5      | Bought a scroll of blinking for 105 gold pieces
  3961 | D:5      | Bought a scroll of teleportation for 42 gold pieces
  4068 | D:5      | Reached XP level 8. HP: 52/52 MP: 8/8
  4096 | D:5      | Found a transporter.
  4113 | D:5      | Reached skill level 7 in Fighting
  4219 | Temple   | Entered the Ecumenical Temple
  4219 | Temple   | Found a transporter.
  4219 | Temple   | Found a transporter.
  4221 | Temple   | Found a transporter.
  4221 | Temple   | Found a transporter.
  4265 | Temple   | Became a worshipper of Elyvilon the Healer
  4381 | D:6      | Identified the +1 robe of the Elephant {Str+5}
  4391 | D:6      | Noticed Prince Ribbit
  4590 | D:6      | Killed Prince Ribbit
  4591 | D:6      | Reached skill level 5 in Maces & Flails
  5128 | D:5      | Slain by an orc warrior

Illustrated notes

Levels and vault maps discovered:
D:1:      beargit_arrival_greenhouse, layout_basic, serial_shops, shop
D:2:      layout_loops_ring
D:3:      layout_basic, nicolae_overflow_crystal_walls, nicolae_overflow_squiral
D:4:      layout_loops_corners, fedhas_altar_4,
          minmay_temple_entry_statues_pillars, uniq_eustachio
D:5:      layout_rooms, nicolae_ru_the_path_less_chosen, jmf_multi_god_temple,
          serial_shops, shop, nicolae_shop_drivethru, shop, kennysheep_mini,
          nrook_campfire, uniq_ijyb
D:6:      layout_gridville, grunt_dithmenos_smoke, minivault_5,
          kennysheep_flooded_box, uniq_prince_ribbit1
Temple:   hellmonk_temple_divided_pantheon

Skill      XL: |  1  2  3  4  5  6  7  8 |
---------------+-------------------------+-----
Maces & Flails | 3 4 5 |  5.1
Fighting       | 4 5 6 7 |  7.7
Armour         | 4 |  4.5
Shields        | 4 |  4.4
Hexes          | 1 2 |  2.0
Ice Magic      | 1 2 |  2.0

Action                     |  1- 3 |  4- 6 |  7- 9 || total
---------------------------+-------+-------+-------++-------
  Melee: Flail             |    84 |   136 |   155 ||   375
         Unarmed           |       |       |    15 ||    15
    Use: Scroll            |     7 |     2 |     1 ||    10
         Potion            |       |     2 |     4 ||     6
 Armour: Scale mail        |    41 |    84 |    56 ||   181
         Skin              |       |       |     3 ||     3
  Dodge: Dodged            |    36 |    80 |    60 ||   176
  Block: Buckler           |    15 |    63 |    87 ||   165
         Reflection        |       |       |     7 ||     7

Table legend: (Time is in decaauts)
 A = Elapsed time spent in this place.
 B = Non-inter-level travel time spent in this place.
 C = Inter-level travel time spent in this place.
 D = Time resting spent in this place.
 E = Time spent auto-exploring this place.
 F = Levels seen in this place.
 G = Mean time per level.
                   A        B        C        D        E       F      G
               +--------+--------+--------+--------+--------+-----+--------+
         Total |   5224 |   4963 |    261 |    696 |   3218 |   7 |  746.3 |
       Dungeon |   5151 |   4891 |    260 |    696 |   3212 |   6 |  858.5 |
        Temple |     72 |     72 |      0 |      0 |      6 |   1 |   72.0 |
               +--------+--------+--------+--------+--------+-----+--------+

Top non-repeatable levels by time:
     D:4: 1257 daAuts
     D:5: 934 daAuts
     D:1: 922 daAuts
     D:3: 774 daAuts
     D:2: 636 daAuts
     D:6: 627 daAuts
  Temple: 72 daAuts
